 Dungeon Crawl Stone Soup version 0.19.5 (webtiles) character file.

124 Jynx the Vexing (level 4, -3/30 HPs)
             Began as a Vampire Enchanter on Mar 19, 2017.
             Slain by an orc
             ... wielding a +0 hand axe
              (10 damage)
             ... on level 3 of the Dungeon.
             The game lasted 00:04:04 (2551 turns).

Jynx the Vexing (Vampire Enchanter)                 Turns: 2551, Time: 00:04:05

Health: -3/30      AC:  3    Str:  7    XL:     4   Next: 81%
Magic:  5/7        EV: 13    Int: 17    God:
Gold:   101        SH:  0    Dex: 15    Spells: 3 memorised, 1 level left

rFire  . . .     SeeInvis +     a - +2 dagger
rCold  + . .     Gourm    .     b - +1 robe
rNeg   + . .     Faith    .     (no shield)
rPois  .         Spirit   .     (no helmet)
rElec  .         Reflect  .     (no cloak)
rCorr  .         Harm     .     (no gloves)
MR     .....                    (no boots)
Stlth  +++.......               (no amulet)
                                q - ring of protection from fire
                                m - ring of ice

@: no status effects
A: fangs 3, see invisible, unbreathing
a: Bat Form


You were on level 3 of the Dungeon.
You were not thirsty.

You visited 1 branch of the dungeon, and saw 3 of its levels.

You collected 101 gold pieces.

Inventory:

Hand Weapons
 a - a +2 dagger (weapon)
Armour
 b - a +1 robe (worn)
Jewellery
 m - a ring of ice (left hand)
 p - an uncursed ring of ice
 q - a ring of protection from fire (right hand)
Scrolls
 e - a scroll of remove curse
 n - a scroll of fog
 o - a scroll of enchant weapon
Potions
 f - a potion of might {unknown}
 g - a potion of heal wounds
 i - 2 potions of curing
 j - a potion of degeneration {unknown}
 k - 2 potions of berserk rage
 l - a potion of mutation {unknown}
Books
 c - a book of Maledictions

   Spells                             Type                      Level
   a - Corona                         Hexes                        1
   b - Ensorcelled Hibernation        Hexes/Ice                    2
   c - Confuse                        Hexes                        3
   d - Tukima's Dance                 Hexes                        3
   e - Dazzling Spray                 Conjuration/Hexes            3


   Skills:
 * Level 3.5 Short Blades
 - Level 2.1 Dodging
 + Level 5.5 Stealth
 - Level 2.0 Spellcasting
 + Level 5.9 Hexes


You had one spell level left.
You knew the following spells:

 Your Spells              Type           Power        Failure   Level  Hunger
a - Corona                Hex            ###....      1%          1    #......
b - Ensorcelled Hibernat  Hex/Ice        ###...       12%         2    ###....
c - Confuse               Hex            ###.....     8%          3    ###....


Dungeon Overview and Level Annotations

Branches:
Dungeon (3/15)

Altars:
Trog

Annotations:
D:3 Sigmund


Innate Abilities, Weirdness & Mutations

You have razor-sharp teeth.
You have supernaturally acute eyesight. (SInv)
You can survive without breathing.


Message History

You hit the orc.
The orc is moderately wounded.
The orc hits you with a hand axe.
Casting: Corona
Confirm with . or Enter, or press ? or * to list all spells.
Aiming: Corona
Press: ? - help, Shift-Dir - straight line, f - orc
Aim: an orc, wielding a hand axe (moderately wounded, chance to defeat MR: 76%)
The orc barely resists.
The orc hits you with a hand axe!
* * * LOW HITPOINT WARNING * * *
You are too injured to fight recklessly!
You are too injured to fight recklessly!
You are too injured to fight recklessly!
You are too injured to fight recklessly!
You hit the orc.
The orc is severely wounded.
You hit the orc but do no damage.
The orc is severely wounded.
The orc hits you with a hand axe!
You die...

...... ..... #
...##### ##.#
... ...
#....##.# #.#
#.....# #.#
##.##.###.#
#....##o######
##.รท..@))<...#
#.......####.#
#.##......##
#.# #..[....#
#.#
#........... ##
#.......####
#......##
#.#...##
#......


You could see an orc.

Vanquished Creatures
  An orc wizard (D:3)
  4 adders (D:2)
  A worm (D:1)
  3 dart slugs
  2 leopard geckos
  2 orcs (D:3)
  3 giant cockroaches
  7 hobgoblins
  2 jackals (D:1)
  8 bats
  4 frilled lizards
  3 goblins
  5 kobolds
  5 rats
50 creatures vanquished.

Notes
Turn   | Place    | Note
-------+----------+-------------------------------------------
     0 | D:1      | Jynx the Vampire Enchanter began the quest for the Orb.
     0 | D:1      | Reached XP level 1. HP: 13/13 MP: 3/3
   311 | D:1      | Reached XP level 2. HP: 19/19 MP: 5/5
   410 | D:1      | Reached skill level 5 in Hexes
   761 | D:1      | Reached XP level 3. HP: 24/24 MP: 6/6
  1142 | D:2      | Learned a level 2 spell: Ensorcelled Hibernation
  1146 | D:2      | Learned a level 3 spell: Confuse
  1243 | D:2      | Reached skill level 5 in Stealth
  1447 | D:2      | Found a bloodstained altar of Trog.
  1519 | D:2      | Reached XP level 4. HP: 15/30 MP: 7/7
  2163 | D:3      | Noticed Sigmund
  2551 | D:3      | Slain by an orc

Skill      XL: |  1  2  3  4 |
---------------+-------------+-----
Hexes          | 5 |  5.9
Short Blades   | 2 3 |  3.5
Stealth        | 5 |  5.5
Dodging        | |  2.1
Spellcasting   | |  2.0

Action                   |  1- 3 |  4- 6 || total
-------------------------+-------+-------++-------
Melee: Dagger            |   139 |    81 ||   220
       Bite              |    17 |     4 ||    21
 Cast: Corona            |       |     5 ||     5
       Ensorcelled Hiber |       |     2 ||     2
  Use: Scroll            |     7 |     3 ||    10
 Stab: Sleeping          |    10 |     1 ||    11
  Eat: Corpse            |     4 |     4 ||     8
Armor: Robe              |    29 |    30 ||    59
Dodge: Dodged            |    97 |    65 ||   162
